 Dungeon Crawl Stone Soup version 0.28.0 (webtiles) character file.

Game seed: 12604187194659376623

62 fiver49 the Chucker (level 3, 0/29 HPs)
             Began as a Demonspawn Hunter on Feb 13, 2022.
             Slain by a gnoll (4 damage)
             ... on level 2 of the Dungeon.
             The game lasted 00:03:49 (2231 turns).

fiver49 the Chucker (Demonspawn Hunter)             Turns: 2231, Time: 00:03:50

Health: 0/29       AC:  9    Str: 14    XL:     3   Next: 85%
Magic:  3/3        EV:  9    Int: 12    God:
Gold:   55         SH:  3    Dex: 13    Spells: 2/2 levels left

rFire   . . .      SeeInvis .   a - +0 short sword
rCold   . . .      Faith    .   e - +0 buckler
rNeg    . . .      Spirit   .   j - +0 scale mail
rPois   .          Reflect  .   (no helmet)
rElec   .          Harm     .   (no cloak)
rCorr   .          Rampage  .   h - +0 pair of gloves
Will    .....                   (no boots)
Stlth   ..........              (no amulet)
HPRegen 0.09/turn               (no ring)
MPRegen 0.08/turn               (no ring)

@: no status effects
A: thin metallic scales 1, ignite blood 1
a: no special abilities


You were on level 2 of the Dungeon.
You visited 1 branch of the dungeon, and saw 3 of its levels.

You collected 55 gold pieces.

Inventory:

Hand Weapons
 a - a +0 short sword (weapon)
Missiles
 c - 3 javelins (quivered)
 d - 2 throwing nets
Armour
 b - a +0 leather armour
 e - a +0 buckler (worn)
   (You found it on level 1 of the Dungeon)
 h - a +0 pair of gloves (worn)
   (You found it on level 1 of the Dungeon)
 j - a +0 scale mail (worn)
   (You found it on level 1 of the Dungeon)
Scrolls
 g - a scroll of acquirement {unknown}
 i - 2 scrolls of identify {unknown}
Potions
 f - a potion of curing {unknown}
 k - a potion of might {unknown}
 l - a potion of heal wounds {unknown}


   Skills:
 + Level 3.2 Fighting
 - Level 3.6 Throwing
 + Level 3.0 Dodging
 - Level 1.0 Stealth


You had 2 spell levels left.
You didn't know any spells.
Your spell library contained the following spells:

 Spells                   Type           Power      Damage    Failure   Level
 Scorch                   Fire           0%         2d5       97%         2
 Portal Projectile        Hex/Tloc       0%         N/A       99%         3
 Airstrike                Air            0%         N/A       100%        4
 Flame Wave               Conj/Fire      0%         2d4       100%        4
 Summon Lightning Spire   Summ/Air       0%         N/A       100%        4
 Blade Hands              Tmut           0%         N/A       100%        5
 Excruciating Wounds      Necr           0%         N/A       100%        5
 Lightning Bolt           Conj/Air       0%         1d11      100%        5
 Summon Cactus Giant      Summ           0%         N/A       100%        6


Dungeon Overview and Level Annotations

Branches:
Dungeon (3/15)

Altars:


Innate Abilities, Weirdness & Mutations

You are partially covered in thin metallic scales. (AC +2)
Your demonic aura sometimes causes spilled blood to erupt in flames.


Message History

The adder bites you but does no damage.
There is a stone staircase leading up here.
Press: ? - help, v - describe, . - travel
Here: a kobold, wielding a +1 whip of venom and quivering stones The floor.
The kobold shouts!
You block the adder's attack. The gnoll closely misses you.
You climb upwards.
There is a stone staircase leading down here.
The gnoll barely misses you. The adder closely misses you.
You closely miss the adder. The adder closely misses you.
You barely miss the adder. You block the adder's attack.
The adder bites you but does no damage.
You miss the adder. The adder barely misses you.
You closely miss the adder. The adder bites you but does no damage.
The adder bites you.
You miss the adder. The adder bites you.
You are poisoned.
The adder poisons you!
You barely miss the adder.
You feel sick.
The adder bites you but does no damage. x2
You hit the adder.
The adder is lightly wounded.
You feel sick. The adder barely misses you.
You hit the adder.
The adder is moderately wounded.
You feel sick.
The adder bites you but does no damage. x2
You hit the adder.
The adder is severely wounded.
You feel sick.
You are no longer poisoned.
The adder bites you but does no damage.
You miss the adder.
The adder is severely wounded.
The adder bites you but does no damage. The adder bites you.
You are too injured to fight recklessly!
You are too injured to fight recklessly!
You are too injured to fight recklessly!
You are too injured to fight recklessly!
You are too injured to fight recklessly!
You are too injured to fight recklessly!
You are too injured to fight recklessly!
You are too injured to fight recklessly!
You are too injured to fight recklessly!
You are too injured to fight recklessly!
You are too injured to fight recklessly!
You are too injured to fight recklessly!
You are too injured to fight recklessly!
You are too injured to fight recklessly!
You are too injured to fight recklessly!
You are too injured to fight recklessly!
You are too injured to fight recklessly!
You are too injured to fight recklessly!
You are too injured to fight recklessly!
You are too injured to fight recklessly!
You are too injured to fight recklessly!
You are too injured to fight recklessly!
You are too injured to fight recklessly!
You are too injured to fight recklessly!
You are too injured to fight recklessly!
You are too injured to fight recklessly!
You are too injured to fight recklessly!
You are too injured to fight recklessly!
You are too injured to fight recklessly!
You are too injured to fight recklessly!
You hit the adder.
The adder is almost dead.
The adder bites you but does no damage.
You barely miss the adder.
The adder is almost dead.
The adder barely misses you.
You hit the adder.
You kill the adder!
Your Dodging skill increases to level 3!
You hit the gnoll but do no damage. You block the gnoll's attack.
You closely miss the gnoll. The gnoll hits you with a +0 whip.
You barely miss the gnoll. The gnoll hits you with a +0 whip. x2
You hit the gnoll but do no damage. The gnoll hits you with a +0 whip.
You barely miss the gnoll. You block the gnoll's attack.
You barely miss the gnoll. The gnoll hits you but does no damage.
You hit the gnoll but do no damage. The gnoll hits you with a +0 whip.
* * * LOW HITPOINT WARNING * * *
You hit the gnoll.
The gnoll is moderately wounded.
The gnoll hits you but does no damage.
You closely miss the gnoll.
The gnoll is moderately wounded.
You block the gnoll's attack.
You closely miss the gnoll.
The gnoll is moderately wounded.
The gnoll hits you with a +0 whip.
* * * LOW HITPOINT WARNING * * *
You block the gnoll's attack.
There is an open door here.
Things that are here:
3 stones; a +0 short sword; a kobold corpse
There is a stone staircase leading down here.
The gnoll hits you with a +0 whip.
You die...

#.###.#.#
#..#...........#
#..##.#.#
#.........###..#
##### ##)##.#.#
#..#.####.# #..#
....#
#.##.#.###..#.#<...#
#..# ....#
#..#.#......#.....##
#..# ....#
##.#.#......#####.#
#..# ....#
#.#.....#### #.#
#..# #######
#..##.#.# #.# #†.#
......# ##.##.#@#
#.# #..#
......#####..#.#g#
#.# #..#
......'......#.#.#
#.# #..#
......######...#.#
#####.## #..#
......# #...#.#
#......# #..#
.....#######..(#.#
#.###### #..#
.....+........>#.#
#.# #..#
.....#######.#.#.#
#.# #..# ######
#.#.#.####.# #..#


You could see a gnoll.

Vanquished Creatures
  An adder (D:2)
  An ufetubus (D:2)
  A worm (D:2)
  2 dart slugs (D:2)
  2 bats
  2 endoplasms (D:1)
  2 giant cockroaches
  6 goblins
  3 hobgoblins
  4 jackals (D:2)
  A quokka (D:1)
  6 ball pythons
  4 frilled lizards
  2 kobolds
  3 rats
40 creatures vanquished.

Notes
Turn   | Place    | Note
-------+----------+-------------------------------------------
     0 | D:1      | fiver49 the Demonspawn Hunter began the quest for the Orb.
     0 | D:1      | Reached XP level 1. HP: 16/16 MP: 1/1
    77 | D:1      | Reached skill level 1 in Stealth
   109 | D:1      | Reached skill level 2 in Dodging
   118 | D:1      | Gained mutation: Your demonic aura sometimes causes spilled
                  | blood to erupt in flames. [demonic ancestry]
   118 | D:1      | Reached XP level 2. HP: 13/23 MP: 2/2
   654 | D:1      | Found a faded altar of an unknown god.
  1329 | D:2      | Gained mutation: You are partially covered in thin metallic
                  | scales. (AC +2) [demonic ancestry]
  1329 | D:2      | Reached XP level 3. HP: 28/28 MP: 3/3
  1614 | D:2      | Reached skill level 3 in Fighting
  2182 | D:2      | Reached skill level 3 in Dodging
  2188 | D:2      | HP: 4/29 [gnoll (6)]
  2191 | D:2      | HP: 1/29 [gnoll (4)]
  2231 | D:2      | Slain by a gnoll

Illustrated notes

Levels and vault maps discovered:
D:1:      dpeg_arrival_circle_labyrinth_c, layout_rooms,
          dreamdust_ecumenical_altar_statues
D:2:      layout_basic
D:3:      layout_basic, st_stairs_5, uniq_crazy_yiuf_cottage

Skill      XL: |  1  2  3 |
---------------+----------+-----
Stealth        | 1 |  1.0
Dodging        | 2 3 |  3.0
Fighting       | 3 |  3.2
Throwing       | |  3.6

Action                   || total
-------------------------++-------
Melee: Short sword       ||   128
Throw: Javelin           ||    28
Armor: Leather armour    ||     7
       Scale mail        ||    45
Dodge: Dodged            ||    55
Block: Buckler           ||    24

Table legend: (Time is in decaauts)
 A = Elapsed time spent in this place.
 B = Non-inter-level travel time spent in this place.
 C = Inter-level travel time spent in this place.
 D = Time resting spent in this place.
 E = Time spent auto-exploring this place.
 F = Levels seen in this place.
 G = Mean time per level.
                   A        B        C        D        E       F      G
               +--------+--------+--------+--------+--------+-----+--------+
         Total |   2262 |   2080 |    182 |     22 |   1640 |   3 |  754.0 |
       Dungeon |   2262 |   2080 |    182 |     22 |   1640 |   3 |  754.0 |
               +--------+--------+--------+--------+--------+-----+--------+

Top non-repeatable levels by time:
     D:2: 1166 daAuts
     D:1: 1083 daAuts
     D:3: 12 daAuts

Table legend:
 A = Kills in this place as a percentage of kills in entire the game.
 B = Kills by you in this place as a percentage of kills by you in the entire game.
 C = Kills by friends in this place as a percentage of kills by friends in the entire game.
 D = Other kills in this place as a percentage of other kills in the entire game.
 E = Experience gained in this place as a percentage of experience gained in the entire game.
 F = Experience gained in this place divided by the number of levels of this place that you have seen.
                   A       B       C       D       E      F
               +-------+-------+-------+-------+-------+----------------------
         Total | 100.0 | 100.0 |   N/A |   N/A | 100.0 |  29.7
       Dungeon | 100.0 | 100.0 |   N/A |   N/A | 100.0 |  29.7
               +-------+-------+-------+-------+-------+----------------------
